 Dungeon Crawl Stone Soup version 0.26.1-11-gd32895ea62 (webtiles) character file.

Game seed: 1360544648340019699

70 Zeld the Chopper (level 4, -6/40 HPs)
             Began as a Hill Orc Monk on July 23, 2021.
             Mangled by Menkaure (20 damage)
             ... on level 4 of the Dungeon.
             The game lasted 00:04:53 (2671 turns).

Zeld the Chopper (Hill Orc Monk)                    Turns: 2671, Time: 00:04:54

Health: -6/40      AC:  2    Str: 14    XL:     4   Next: 21%
Magic:  4/4        EV: 10    Int: 10    God:
Gold:   113        SH:  7    Dex: 13    Spells: 3/3 levels left

rFire    . . .     SeeInvis .   a - +0 hand axe
rCold    . . .     Faith    .   l - +0 kite shield
rNeg     . . .     Spirit   .   b - +0 robe
rPois    .         Reflect  .   (no helmet)
rElec    .         Harm     .   (no cloak)
rCorr    .         Rampage  .   (no gloves)
Will     .....                  (no boots)
Stlth    ++........             (no amulet)
HPRegen  0.13/turn              (no ring)
MPRegen  0.09/turn              (no ring)

@: no status effects
A: no striking features
a: no special abilities


You were on level 4 of the Dungeon.
You visited 1 branch of the dungeon, and saw 3 of its levels.

You collected 113 gold pieces.

Inventory:

Hand Weapons
 a - a +0 hand axe (weapon)
Missiles
 j - 12 stones
 n - 7 poisoned darts (quivered)
Armour
 b - a +0 robe (worn)
 l - a +0 kite shield (worn)
Scrolls
 e - 3 scrolls of remove curse
 f - a scroll of enchant weapon {unknown}
 g - 2 scrolls of blinking {unknown}
 h - 3 scrolls of identify {unknown}
 k - 2 scrolls of random uselessness {unknown}
 m - a scroll of teleportation {unknown}
Potions
 c - 2 potions of haste {unknown}
 d - a potion of mutation {unknown}
 i - 2 potions of resistance {unknown}


   Skills:
 + Level 4.1 Fighting
 * Level 5.0 Axes
 * Level 1.1 Throwing
 + Level 2.7 Dodging
 + Level 2.1 Stealth


You had 3 spell levels left.
You didn't know any spells.
Your spell library was empty.

Dungeon Overview and Level Annotations

Branches:
Dungeon (2/15)

Altars:
Nemelex Xobeh

Annotations:
D:4 Menkaure


Message History

Menkaure seems to speed up.
You throw a poisoned dart. The poisoned dart hits Menkaure.
Menkaure hits you!!
Ouch! That really hurt!
You are too injured to fight recklessly!
You are too injured to fight recklessly!
Throw: 8 darts (poison)
Press: ? - help, Q - select action, (/) - cycle Shift-Dir - straight line, f/p - Menkaure
Aim: Menkaure (fast, 74% to hit)
You throw a poisoned dart.
The poisoned dart barely misses Menkaure.
You block Menkaure's attack. Menkaure barely misses you.
Unknown command.
You hit Menkaure.
Menkaure is moderately damaged.
You block Menkaure's attack.
You hit Menkaure but do no damage.
Menkaure is moderately damaged.
Menkaure hits you!!
Ouch! That really hurt!
You die... #. .. #. #. #( #( #M####### #.@.....# #########

You could see Menkaure (fast).

Vanquished Creatures
  3 gnolls
  A worm (D:2)
  3 dart slugs
  A leopard gecko (D:2)
  7 bats
  A giant cockroach (D:1)
  3 goblins
  3 hobgoblins
  A frilled lizard (D:2)
  7 kobolds
30 creatures vanquished.

Notes
Turn   | Place    | Note
-------+----------+-------------------------------------------
     0 | D:1      | Zeld the Hill Orc Monk began the quest for the Orb.
     0 | D:1      | Reached XP level 1. HP: 19/19 MP: 1/1
   224 | D:1      | Reached XP level 2. HP: 19/27 MP: 2/2
  1019 | D:1      | Found a sparkling altar of Nemelex Xobeh.
  1183 | D:2      | Reached XP level 3. HP: 33/33 MP: 3/3
  2188 | D:2      | Reached skill level 1 in Throwing
  2188 | D:2      | Reached XP level 4. HP: 40/40 MP: 4/4
  2281 | D:2      | Reached skill level 5 in Axes
  2449 | D:2      | You fall into a shaft and drop 2 floors!
  2451 | D:4      | Noticed Menkaure
  2671 | D:4      | Mangled by Menkaure

Illustrated notes

Levels and vault maps discovered:
D:1:      nicolae_arrival_washed_ashore, layout_loops_ring,
          nemelex_xobeh_ov_fountains_minmay
D:2:      kennysheep_the_goblin_king, layout_loops_ring, roderic_malta_cross,
          kennysheep_flooded_box
D:4:      minmay_general_purpose_star, layout_loops_corners,
          amcnicky_mini_rare_corridor_liquid, uniq_menkaure

Skill      XL: |  1  2  3  4 |
---------------+-------------+-----
Fighting       | 4 |  4.1
Stealth        | 2 |  2.1
Throwing       | 1 |  1.1
Axes           | 5 |  5.0
Dodging        | |  2.7

Action                   |  1- 3 |  4- 6 || total
-------------------------+-------+-------++-------
Melee: Hand axe          |    91 |    12 ||   103
Throw: Dart              |     5 |     7 ||    12
       Stone             |       |     6 ||     6
  Use: Scroll            |       |     1 ||     1
 Stab: Sleeping          |     3 |     1 ||     4
Armor: Robe              |    20 |     2 ||    22
Dodge: Dodged            |    48 |     4 ||    52
Block: Kite shield       |    16 |     4 ||    20
